[Event "Titled Tuesday Blitz August 23 Late 2022"]
[White "Postnikov, Daniil"]
[Black "Kosteniuk, Alexandra"]
[WhiteFideId "4166329"]
[BlackFideId "4128125"]
[WhiteElo "2261"]
[BlackElo "2469"]
[Result "0-1"]
[Round "11"]
[TimeControl "180+1"]
[Date "2022.08.23"]
[WhiteClock "0:00:11"]
[BlackClock "0:00:10"]

1. e4 e5 2. f4 d5 3. exd5 exf4 4. Nf3 Nf6 5. c4 c6 6. d4 Bb4+ 7. Nc3 cxd5 8. c5 Nc6 9. Bb5 Qe7+ 10. Qe2 Ne4 11. Bd2 Nxd2 12. Nxd2 O-O 13. Qxe7 Nxe7 14. O-O b6 15. Rae1 Be6 16. cxb6 axb6 17. Ndb1 Bd6 18. Nd2 Nf5 19. Bc6 Rac8 20. Bxd5 Nxd4 21. Nde4 Bb4 22. Bxe6 fxe6 23. Rd1 Nc2 24. Rd7 Ne3 25. Rf3 Ng4 26. Rf1 Ne5 27. Rb7 Nc4 28. Rd1 Rf7 29. Rdd7 Rxd7 30. Rxd7 Nxb2 31. Nb5 Nc4 32. Ng5 Bc5+ 33. Kf1 Ne5 34. Rb7 Nc6 35. Nxe6 Ne7 36. Nbd4 Ra8 37. Nxc5 bxc5 38. Ne6 Nf5 39. Rc7 g6 40. Rxc5 Rxa2 41. Rc8+ Kf7 42. Nxf4 Ne3+ 43. Ke1 Nxg2+ 44. Nxg2 Rxg2 45. Rc7+ Kg8 46. Rc8+ Kg7 47. Rc7+ Kh6 48. h3 Rg3 49. h4 Rg4 50. Kf2 Rxh4 51. Kg3 Rh5 52. Rc2 Rg5+ 53. Kh4 Rg1 54. Re2 Rh1+ 55. Kg3 Rb1 56. Kh2 Kh5 57. Re5+ g5 58. Re7 h6 59. Re2 Rb3 60. Rc2 Kh4 61. Ra2 g4 62. Ra8 h5 63. Re8 Rb2+ 64. Kg1 Kg3 65. Rb8 Rxb8 0-1


[Site "https://www.chess.com"]

[Event "Titled Tuesday Blitz August 23 Late 2022"]
[White "Pulpan, Jakub"]
[Black "Korchmar, Vasiliy"]
[WhiteFideId "302759"]
[BlackFideId "24131750"]
[WhiteElo "2451"]
[BlackElo "2370"]
[Result "1-0"]
[Round "11"]
[TimeControl "180+1"]
[Date "2022.08.23"]
[WhiteClock "0:01:31"]
[BlackClock "0:00:03"]

1. c4 c6 2. d4 d5 3. Nd2 Nf6 4. Ngf3 e6 5. Qc2 Be7 6. g3 O-O 7. Bg2 a5 8. e4 a4 9. O-O a3 10. b3 Na6 11. e5 Nd7 12. Nb1 Qa5 13. h4 b6 14. Rd1 Bb7 15. Bd2 Nb4 16. Qc1 c5 17. dxc5 Bxc5 18. Bxb4 Qxb4 19. Nbd2 Rfc8 20. Qc2 dxc4 21. bxc4 Bc6 22. Ng5 Nf8 23. Bxc6 Rxc6 24. Rab1 Qa5 25. Qe4 Rac8 26. Qf3 R6c7 27. Nde4 h6 28. Nxc5 Qxc5 29. Ne4 Qxe5 30. Rxb6 Rxc4 31. Nd6 Rc1 32. Nxc8 Qa1 33. Rd6 Rxd1+ 34. Rxd1 Qxa2 35. Ne7+ Kh8 36. Qxf7 1-0


[Site "https://www.chess.com"]

[Event "Titled Tuesday Blitz August 23 Late 2022"]
[White "Reprintsev, Alexander"]
[Black "Fishbein, Alexander"]
[WhiteFideId "14100541"]
[BlackFideId "2000377"]
[WhiteElo "2108"]
[BlackElo "2410"]
[Result "0-1"]
[Round "11"]
[TimeControl "180+1"]
[Date "2022.08.23"]
[WhiteClock "0:00:35"]
[BlackClock "0:00:10"]

1. e4 c5 2. b3 Nc6 3. Bb2 Nf6 4. e5 Nd5 5. Nf3 d6 6. Bb5 Nc7 7. Bxc6+ bxc6 8. exd6 exd6 9. O-O Ne6 10. d4 Be7 11. dxc5 dxc5 12. Qxd8+ Bxd8 13. Nbd2 O-O 14. Nc4 Bc7 15. Rfd1 Ba6 16. Nce5 Rfd8 17. Nxc6 Rxd1+ 18. Rxd1 Bb7 19. Ne7+ Kf8 20. Nd5 Rd8 21. c4 Nf4 22. Be5 Bxe5 23. Nxe5 f6 24. Nd3 Ne2+ 25. Kf1 Bxd5 26. Kxe2 Bxg2 27. Rd2 Re8+ 28. Kd1 Bf3+ 29. Kc1 Rc8 30. Nf4 Ke7 31. Rd3 Bc6 32. Re3+ Kd6 33. Nh5 Rc7 34. Rg3 Re7 35. Kd2 g6 36. Nxf6 Rf7 37. Ng4 h5 38. Rd3+ Kc7 39. Ne5 Rxf2+ 40. Kc3 Rxh2 41. Nxg6 Be4 42. Rg3 Rc2# 0-1


[Site "https://www.chess.com"]

[Event "Titled Tuesday Blitz August 23 Late 2022"]
[White "Rustemov, Alexander"]
[Black "Shimanov, Aleksandr"]
[WhiteFideId "4119002"]
[BlackFideId "4198603"]
[WhiteElo "2757"]
[BlackElo "2605"]
[Result "1-0"]
[Round "11"]
[TimeControl "180+1"]
[Date "2022.08.23"]
[WhiteClock "0:00:36"]
[BlackClock "0:00:51"]

1. d4 Nf6 2. c4 g6 3. Nf3 Bg7 4. g3 O-O 5. Bg2 d6 6. Nc3 Nc6 7. O-O e5 8. dxe5 dxe5 9. Bg5 h6 10. Qxd8 Rxd8 11. Bxf6 Bxf6 12. Nd5 Kg7 13. Nxc7 Rb8 14. e4 g5 15. Nd5 Be6 16. Rfd1 g4 17. Ne1 Nd4 18. Nd3 Rbc8 19. b3 h5 20. Rd2 h4 21. Nxf6 Kxf6 22. gxh4 Rh8 23. Rad1 Nf3+ 24. Bxf3 gxf3 25. Ne1 Rcg8+ 26. Kh1 Rxh4 27. Nxf3 Rxe4 28. Rg1 Rxg1+ 29. Nxg1 Re1 30. Kg2 Kf5 31. f3 a5 32. Ne2 Ra1 33. h4 a4 34. Ng3+ Kf4 35. Re2 Bh3+ 36. Kf2 f5 37. Nh5# 1-0


[Site "https://www.chess.com"]

[Event "Titled Tuesday Blitz August 23 Late 2022"]
[White "Seo, Jung Min"]
[Black "Hardaway, Brewington"]
[WhiteFideId "1734687"]
[BlackFideId "30941849"]
[WhiteElo "2414"]
[BlackElo "1813"]
[Result "1-0"]
[Round "11"]
[TimeControl "180+1"]
[Date "2022.08.23"]
[WhiteClock "0:02:10"]
[BlackClock "0:02:03"]

1. d4 Nf6 2. c4 e6 3. Nc3 d5 4. cxd5 exd5 5. Bg5 c6 6. Qc2 Be7 7. e3 h6 8. Bh4 Nbd7 9. Bd3 O-O 10. Nge2 Re8 11. O-O Ne4 12. Bxe7 Qxe7 13. Rae1 Ndf6 14. f3 Nxc3 15. Nxc3 c5 16. dxc5 Qxc5 17. Nb5 Qxc2 18. Bxc2 Re7 19. Bd3 Be6 20. Nd4 Rc8 21. Rc1 Rec7 22. Rxc7 Rxc7 23. Kf2 Bd7 24. g4 Kf8 25. h4 Ke7 26. g5 Ng8 27. Kg3 Kd6 28. Kf4 f6 29. Rg1 Bc8 30. Nb5+ 1-0


[Site "https://www.chess.com"]

[Event "Titled Tuesday Blitz August 23 Late 2022"]
[White "Siniauski, Artsiom"]
[Black "Mladek, Richard"]
[WhiteFideId "13512269"]
[BlackFideId "386588"]
[WhiteElo "2139"]
[BlackElo "2263"]
[Result "0-1"]
[Round "11"]
[TimeControl "180+1"]
[Date "2022.08.23"]
[WhiteClock "0:00:01"]
[BlackClock "0:01:14"]

1. Nf3 d5 2. c4 e6 3. g3 Nf6 4. Bg2 a6 5. O-O dxc4 6. Nc3 Nc6 7. b3 Bb4 8. Bb2 cxb3 9. axb3 e5 10. d3 O-O 11. Nd2 Re8 12. Ra4 a5 13. Na2 Bc5 14. Nc4 Bd7 15. Nc3 Ra6 16. Qa1 b6 17. Ra2 Nb4 18. Ne4 Nxe4 19. Bxe4 Nxa2 20. Qxa2 f6 21. b4 Bxb4 22. Nxb6+ Be6 23. Nd5 Rd6 24. Qa4 Bxd5 0-1


[Site "https://www.chess.com"]

[Event "Titled Tuesday Blitz August 23 Late 2022"]
[White "Tanenbaum, Zachary"]
[Black "Kowalski, Igor"]
[WhiteFideId "2060850"]
[BlackFideId "1172468"]
[WhiteElo "2175"]
[BlackElo "2376"]
[Result "0-1"]
[Round "11"]
[TimeControl "180+1"]
[Date "2022.08.23"]
[WhiteClock "0:00:15"]
[BlackClock "0:01:28"]

1. e4 g6 2. d4 Bg7 3. Nc3 d6 4. Bg5 a6 5. Qd2 b5 6. O-O-O Bb7 7. Nf3 Nd7 8. Bd3 Nb6 9. Rhe1 b4 10. Ne2 a5 11. Qe3 h6 12. Bh4 Qd7 13. e5 Bd5 14. Nf4 g5 15. Nxd5 Nxd5 16. Qe4 e6 17. Bg3 Nge7 18. h4 a4 19. hxg5 a3 20. Bc4 axb2+ 21. Kxb2 Qa4 22. Kc1 Qa3+ 23. Kd2 Qc3+ 24. Ke2 Qxc4+ 25. Rd3 Nc3+ 0-1


[Site "https://www.chess.com"]

[Event "Titled Tuesday Blitz August 23 Late 2022"]
[White "Theodorou, Nikolas"]
[Black "Maksimovic, Bojan"]
[WhiteFideId "4262875"]
[BlackFideId "14408120"]
[WhiteElo "2484"]
[BlackElo "2447"]
[Result "1-0"]
[Round "11"]
[TimeControl "180+1"]
[Date "2022.08.23"]
[WhiteClock "0:00:26"]
[BlackClock "0:00:01"]

1. Nf3 Nf6 2. g3 g6 3. Bg2 Bg7 4. O-O O-O 5. d3 d6 6. e4 c5 7. h3 Nc6 8. Re1 Nd7 9. a4 Rb8 10. c3 a6 11. d4 cxd4 12. cxd4 b5 13. axb5 axb5 14. Be3 e5 15. Nc3 exd4 16. Nxd4 Nxd4 17. Bxd4 Bxd4 18. Qxd4 b4 19. Nd5 Bb7 20. Nxb4 Nc5 21. Rad1 Qb6 22. Nc2 Rfc8 23. Ne3 Ba8 24. Nc4 Qb4 25. Nxd6 Qxd4 26. Rxd4 Rd8 27. e5 Bxg2 28. Kxg2 Rxb2 29. Re3 Ne6 30. Rc4 Ra2 31. Rb4 Ra7 32. h4 h5 33. Reb3 Kg7 34. Rb7 Rd7 35. Ne8+ Kf8 36. Rb8 Rd8 37. Nf6 Ra8 38. R8b4 Ra7 39. Rb7 Rxb7 40. Rxb7 Nc5 41. Ra7 Ne6 42. Ne4 Rd5 43. f4 Rd3 44. Nd6 Nd4 45. Rxf7+ Kg8 46. Rf6 Rd2+ 47. Kf1 Kg7 48. f5 Nf3 49. Ne8+ Kg8 50. fxg6 Nh2+ 51. Ke1 Rb2 52. g7 1-0


[Site "https://www.chess.com"]

[Event "Titled Tuesday Blitz August 23 Late 2022"]
[White "Vasquez Schroeder, Rodrigo"]
[Black "Aldokhin, Ivan"]
[WhiteFideId "3400042"]
[BlackFideId "24115720"]
[WhiteElo "2567"]
[BlackElo "2246"]
[Result "1/2-1/2"]
[Round "11"]
[TimeControl "180+1"]
[Date "2022.08.23"]
[WhiteClock "0:01:24"]
[BlackClock "0:00:03"]

1. e4 c5 2. Nf3 e6 3. d4 cxd4 4. Nxd4 a6 5. Bd3 Qc7 6. O-O Nf6 7. Qe2 Bd6 8. f4 Bc5 9. c3 Nc6 10. Be3 O-O 11. Kh1 d6 12. Nd2 Bd7 13. N4f3 Bxe3 14. Qxe3 b5 15. b4 a5 16. a3 axb4 17. cxb4 Ne7 18. Rfc1 Qa7 19. Qe2 Ng4 20. Rf1 Ne3 21. Rfc1 Ng4 22. h3 Nf2+ 23. Kh2 Ng6 24. g3 Nxd3 25. Qxd3 Qf2+ 26. Kh1 Qxg3 27. Ne1 Qxf4 28. Rc7 Ne5 29. Qe2 Rfc8 30. Rxc8+ Rxc8 31. Nd3 Nxd3 32. Qxd3 Bc6 33. Rf1 Qe5 34. Kg1 Ra8 35. Rc1 Be8 36. Kg2 h6 37. Rc2 Qg5+ 38. Kf2 Qf4+ 39. Kg2 f6 40. Rc3 Bg6 41. Qe3 Qxe3 42. Rxe3 Rc8 43. Kf2 Rc2 44. Ke1 Ra2 45. Kd1 d5 46. exd5 exd5 47. Nf3 Be4 48. Nd4 Ra1+ 49. Kd2 Ra2+ 50. Kc1 Ra1+ 51. Kb2 Rd1 52. Nxb5 Kf7 53. a4 Rd2+ 54. Kc3 Rd1 55. a5 Ke6 56. Re2 Ra1 57. Kb2 Rb1+ 58. Kc3 Rc1+ 59. Kb2 Rb1+ 60. Kc3 Rc1+ 61. Kb3 Rb1+ 62. Ka4 Kd7 63. Nd4 Ra1+ 64. Kb3 Rb1+ 65. Ka3 Ra1+ 66. Kb2 Ra4 67. Kb3 Ra1 68. Kc3 Rc1+ 69. Kb2 Rb1+ 70. Kc3 Rc1+ 71. Kb2 Rb1+ 72. Kc3 Rc1+ 1/2-1/2


[Site "https://www.chess.com"]

[Event "Titled Tuesday Blitz August 23 Late 2022"]
[White "Yurovskykh, Oleksandr"]
[Black "Wan, Joseph"]
[WhiteFideId "14134020"]
[BlackFideId "2069890"]
[WhiteElo "2292"]
[BlackElo "2198"]
[Result "0-1"]
[Round "11"]
[TimeControl "180+1"]
[Date "2022.08.23"]
[WhiteClock "0:00:02"]
[BlackClock "0:00:06"]

1. d4 e6 2. Nf3 Nf6 3. Bf4 c5 4. c3 d5 5. e3 Nc6 6. Nbd2 Bd6 7. Bg3 O-O 8. Bb5 Ne7 9. Bd3 cxd4 10. exd4 b6 11. Qe2 Bb7 12. Bh4 Ng6 13. Bg3 Nf4 14. Bxf4 Bxf4 15. g3 Bd6 16. Ne5 Qc7 17. f4 Rac8 18. O-O Nd7 19. Rae1 Rce8 20. Bb5 Bc8 21. Ndf3 f6 22. Nxd7 Bxd7 23. Bxd7 Qxd7 24. Qa6 Rc8 25. Qe2 Rfe8 26. Qd3 Qa4 27. a3 Qd7 28. Re3 a5 29. Rfe1 b5 30. Kf2 b4 31. axb4 axb4 32. f5 exf5 33. Rxe8+ Rxe8 34. Rxe8+ Qxe8 35. Qxf5 Qc6 36. Qd3 g6 37. Ng1 Kg7 38. Ne2 bxc3 39. bxc3 Qd7 40. Qf3 Qe6 41. Nc1 h5 42. Nd3 h4 43. Kg2 hxg3 44. hxg3 g5 45. g4 Kg6 46. Nf2 Kg7 47. Nd1 Bf4 48. Kf2 Kg6 49. Qe2 Qxe2+ 50. Kxe2 f5 51. Nf2 fxg4 52. Nxg4 Kf5 53. Nf2 g4 54. Nd3 Bd6 55. Nb2 Ke4 56. Kf2 Kf4 57. Nd1 g3+ 58. Ke2 Ba3 59. Ne3 Ke4 60. Ng2 Bb2 61. Kd2 Kf3 62. Nh4+ Kf2 63. Kd3 Bc1 64. c4 Bg5 65. Nf5 dxc4+ 66. Kxc4 g2 67. Kd5 g1=Q 68. Nd6 Qg2+ 69. Ke6 Qf3 70. d5 Qf6+ 71. Kd7 Qe7+ 72. Kc6 Qf6 73. Kd7 Kf3 0-1


[Site "https://www.chess.com"]

[Event "Titled Tuesday Blitz August 23 Late 2022"]
[White "Zhigalko, Sergei"]
[Black "Bok, Benjamin"]
[WhiteFideId "13502956"]
[BlackFideId "1017063"]
[WhiteElo "2662"]
[BlackElo "2658"]
[Result "0-1"]
[Round "11"]
[TimeControl "180+1"]
[Date "2022.08.23"]
[WhiteClock "0:00:03"]
[BlackClock "0:00:08"]

1. e4 c5 2. Nf3 d6 3. d4 cxd4 4. Qxd4 Nf6 5. Nc3 Nc6 6. Bb5 Bd7 7. Bxc6 Bxc6 8. Bg5 e6 9. O-O-O Be7 10. Rhe1 O-O 11. Kb1 Qc7 12. Qd2 Rfd8 13. Nd4 Rab8 14. f3 b5 15. g4 b4 16. Nce2 Ba8 17. Ng3 a5 18. h4 a4 19. Rg1 Ne8 20. Bxe7 Qxe7 21. g5 e5 22. Ngf5 Qc7 23. h5 exd4 24. g6 b3 25. gxh7+ Kh8 26. cxb3 axb3 27. axb3 Rxb3 28. h6 Rdb8 29. hxg7+ Nxg7 30. Rxg7 Rxb2+ 31. Qxb2 Rxb2+ 32. Kxb2 Qc3+ 33. Kb1 Qxf3 34. Rdg1 Bxe4+ 35. Kc1 Qc3+ 36. Kd1 Bf3# 0-1